 Dungeon Crawl Stone Soup version 0.31-a0-986-g5e6e4ef867 (webtiles) character file.

Game seed: 1629705115779479913

43 jasper the Changeling (level 3, -1/25 HPs)
             Began as a Spriggan Shapeshifter on Nov 21, 2023.
             Slain by Grinder (4 damage)
             ... while paralysed by Grinder
             ... on level 3 of the Dungeon.
             The game lasted 00:04:39 (1862 turns).

jasper the Changeling (Spriggan Shapeshifter)       Turns: 1862, Time: 00:04:40

Health: -1/25      AC: 21    Str: 12    XL:     3   Next: 37%
Magic:  4/4        EV:  4    Int: 11    God:
Gold:   79         SH:  0    Dex: 14    Spells: 2/2 levels left

rFire   . .          .
                       - Unarmed
rCold   . . .        (no shield)
rNeg    . . .        a - melded +0 animal skin
rPois   +            (helmet currently unavailable)
rElec   .            (cloak currently unavailable)
rCorr   +            (gloves unavailable)
SInv    +            (boots unavailable)
Will    .....        (no amulet)
Stlth   +            l - ring of resist corrosion
HPRegen 0.00/turn    (no ring)
MPRegen 0.09/turn

%: no passive effects
@: paralysed, tree-form, attractive, inhibited regen
A: stationary, stasis, torment immunity, boosted hp, very small, no large
weapons, unfitting armour, see invisible, (speed 3), (iridescent scales 1),
inhibited regeneration, wild magic 1, evolution 1
a: no special abilities


You were on level 3 of the Dungeon.
You were a tree.
You visited 1 branch of the dungeon, and saw 3 of its levels.

You collected 79 gold pieces.

Inventory:

Hand Weapons
 e - a +0 short sword
 f - a +0 sling of freezing
 n - a +2 dagger of holy wrath
Missiles
 o - 11 stones
 p - 5 poisoned darts
Armour
 a - a +0 animal skin (melded)
Jewellery
 l - a ring of resist corrosion (left branch)
Talismans
 c - a beast talisman
 d - a flux talisman
Scrolls
 j - 2 scrolls of torment
Potions
 b - a potion of lignification
 g - a potion of enlightenment {unknown}
 h - a potion of mutation
 i - a potion of attraction
 k - a potion of degeneration {unknown}


   Skills:
 - Level 0.7 Fighting
 - Level 2.6 Dodging
 - Level 2.4 Unarmed Combat
 + Level 5.7 Shapeshifting


You had 2 spell levels left.
You didn't know any spells.
Your spell library contained the following spells:

 Spells                   Type           Power      Damage    Failure   Level
 Cause Fear               Hex            0%         N/A       99%         4
 Fireball                 Conj/Fire      0%         3d3       100%        5
 Dragon's Call            Summ           0%         N/A       100%        9


Dungeon Overview and Level Annotations

Branches:
Dungeon (3/15)

Altars:

Annotations:
D:3 Grinder, Sigmund


Innate Abilities, Weirdness & Mutations

You are a tree.
Your roots penetrate the ground, keeping you stationary.
You cannot be teleported.
You are immune to unholy pain and torment.
Your maximum health is greatly increased.
Your equipment is partially melded.
You are very small and have problems with some larger weapons.
You are too small for most types of armour.
You have supernaturally acute eyesight. (SInv)
((You cover ground extremely quickly. (Speed+++)))
((You are partially covered in iridescent scales. (AC +2)))
You do not regenerate when monsters are visible.
Your spells are a little harder to cast, but a little more powerful.
You have hidden genetic potential.


Message History

Grinder is severely wounded.
The bat hits you but does no damage. Grinder barely misses you.
The goblin barely misses you.
You hit Grinder.
Grinder is severely wounded.
Grinder hits you but does no damage. The goblin hits you but does no damage.
The bat hits you but does no damage.
You smack Grinder!
Grinder is almost dead.
The bat hits you but does no damage. The goblin hits you but does no damage.
Grinder hits you.
You take 4 damage, and have 14/25 hp.
You closely miss Grinder.
Grinder is almost dead.
Grinder hits you.
You writhe in agony.
* * * LOW HITPOINT WARNING * * *
The goblin hits you but does no damage. The bat hits you.
* * * LOW HITPOINT WARNING * * *
You take 11 damage, and have 3/25 hp.
MASSIVE DAMAGE!!
It was a potion of mutation.
You feel extremely strange.
Your regeneration stops near monsters.
You feel less in control of your magic.
Iridescent scales grow over part of your body.
You feel a hidden potential growing inside you.
The bat hits you but does no damage. The bat barely misses you.
The goblin hits you but does no damage. Grinder hits you but does no damage.
It was a potion of attraction.
You feel attractive to monsters. The goblin hits you but does no damage.
Grinder hits you but does no damage.
You barely miss Grinder.
Grinder is almost dead.
The bat hits you but does no damage. x2; Grinder barely misses you.
The goblin hits you but does no damage. The bat hits you but does no damage.
You hit Grinder.
Grinder is almost dead.
The bat closely misses you. The goblin hits you but does no damage.
Grinder gestures at you.
You suddenly lose the ability to move!
The bat is attracted toward you. The bat hits you but does no damage.
Grinder hits you.
You die...
Grinder says, "Now the real fun starts!"

#...# #.#
###.#####.############
#.......#............#
#.#.###.############.#
#.#...#.# #.#
#.###.#.# #.#
#.....#.# #.#
.#######.# #.#
.......♣.# #.#
.##...5gb§.# #.#
+........+ #.#
#........# #.#
#........# #.#
#........# #†#
#........# #.#
#........# #<# ###


You could see Grinder, a goblin and a bat.

Vanquished Creatures
  A ball python (D:1)
  5 endoplasms
  4 giant cockroaches
  4 goblins
  2 hobgoblins (D:1)
  6 kobolds
  2 quokkas
  6 bats
  6 frilled lizards
  5 rats
41 creatures vanquished.

Notes
Turn   | Place    | Note
-------+----------+-------------------------------------------
     0 | D:1      | jasper the Spriggan Shapeshifter began the quest for the
                  | Orb.
     0 | D:1      | Reached XP level 1. HP: 9/9 MP: 2/2
   149 | D:1      | Reached XP level 2. HP: 9/14 MP: 3/3
   433 | D:1      | Reached skill level 5 in Shapeshifting
  1196 | D:2      | Reached XP level 3. HP: 17/17 MP: 4/4
  1693 | D:3      | Noticed Sigmund
  1847 | D:3      | Noticed Grinder
  1858 | D:3      | Gained mutation: You do not regenerate when monsters are
                  | visible. [potion of mutation]
  1858 | D:3      | Gained mutation: Your spells are a little harder to cast,
                  | but a little more powerful. [potion of mutation]
  1858 | D:3      | Gained mutation: You are partially covered in iridescent
                  | scales. (AC +2) [potion of mutation]
  1858 | D:3      | Gained mutation: You have hidden genetic potential. [potion
                  | of mutation]
  1861 | D:3      | Paralysed by Grinder for 4 turns
  1862 | D:3      | Slain by Grinder

Illustrated notes

Levels and vault maps discovered:
D:1:      tarquinn_simple_flora_water_a, layout_basic, minmay_crystal_room,
          minivault_11, hangedman_decor_slide_cut
D:2:      layout_rooms
D:3:      layout_basic, grunt_ministairs_14, uniq_sigmund, uniq_grinder

Skill      XL: |  1  2 |
---------------+-------+-----
Shapeshifting  | 5 |  5.7
Fighting       | |  0.7
Dodging        | |  2.6
Unarmed Combat | |  2.4

Action                     || total
---------------------------++-------
  Melee: Short sword       ||    49
         Unarmed           ||    11
   Fire: Sling             ||    34
  Throw: Stone             ||     5
    Use: Scroll            ||     6
         Potion            ||     3
   Stab: Sleeping          ||     4
 Armour: Animal skin       ||    14
         Skin              ||    29
  Dodge: Dodged            ||    36

Table legend: (Time is in decaauts)
 A = Elapsed time spent in this place.
 B = Non-inter-level travel time spent in this place.
 C = Inter-level travel time spent in this place.
 D = Time resting spent in this place.
 E = Time spent auto-exploring this place.
 F = Levels seen in this place.
 G = Mean time per level.
                   A        B        C        D        E       F      G
               +--------+--------+--------+--------+--------+-----+--------+
         Total |   1257 |   1187 |     70 |     66 |    873 |   3 |  419.0 |
       Dungeon |   1257 |   1187 |     70 |     66 |    873 |   3 |  419.0 |
               +--------+--------+--------+--------+--------+-----+--------+

Top non-repeatable levels by time:
     D:1: 759 daAuts
     D:2: 392 daAuts
     D:3: 105 daAuts
